 Dungeon Crawl Stone Soup version 0.29-a0-219-g0a02b1cf4f (console) character file.

Game seed: 3331774217446547892

135 jejorda2 the Shooter (level 4, -2/25 HPs)
             Began as a Deep Elf Hunter on Feb 25, 2022.
             Slain by Sigmund
             ... wielding a +0 scythe
              (6 damage)
             ... on level 4 of the Dungeon.
             The game lasted 00:04:35 (2125 turns).

jejorda2 the Shooter (Deep Elf Hunter)              Turns: 2125, Time: 00:04:35

Health: -2/25      AC:  5    Str:  9    XL:     4   Next: 97%
Magic:  6/6        EV: 12    Int: 16    God:
Gold:   196        SH:  0    Dex: 17    Spells: 3/3 levels left

rFire   + . .      SeeInvis .   a - +1 shortbow
rCold   . . .      Faith    .   (shield currently unavailable)
rNeg    . . .      Spirit   .   b - +0 leather armour
rPois   .          Reflect  .   (no helmet)
rElec   .          Harm     .   y - +0 cloak
rCorr   .          Rampage  .   (no gloves)
Will    .....                   s - +0 pair of boots
Stlth   ++........              (no amulet)
HPRegen 0.08/turn               e - ring of protection from fire
MPRegen 0.10/turn               (no ring)

@: no status effects
A: no striking features
a: no special abilities


You were on level 4 of the Dungeon.
You visited 1 branch of the dungeon, and saw 4 of its levels.

You collected 196 gold pieces.

Inventory:

Hand Weapons
 a - a +1 shortbow (weapon)
Armour
 b - a +0 leather armour (worn)
 s - a +0 pair of boots (worn)
 y - a +0 cloak (worn)
Jewellery
 e - a ring of protection from fire (left hand)
Scrolls
 d - a scroll of torment {unknown}
 f - 2 scrolls of enchant armour {unknown}
 j - a scroll of teleportation {unknown}
 m - a scroll of amnesia {unknown}
 n - a scroll of immolation {unknown}
 o - a scroll of enchant weapon {unknown}
 q - a scroll of noise {unknown}
 u - 3 scrolls of identify {unknown}
 v - a scroll of fear {unknown}
 w - a scroll of acquirement {unknown}
 x - a scroll of fog {unknown}
 z - 3 scrolls of magic mapping {unknown}
Potions
 c - a potion of flight {unknown}
 g - a potion of resistance {unknown}
 h - a potion of brilliance {unknown}
 i - a potion of invisibility {unknown}
 k - a potion of degeneration {unknown}
 l - 2 potions of curing {unknown}
 p - 2 potions of heal wounds {unknown}
 r - 2 potions of berserk rage {unknown}
 t - a potion of lignification {unknown}


   Skills:
 - Level 1.5 Fighting
 * Level 7.5 Bows
 - Level 2.4 Dodging
 + Level 3.6 Stealth


You had 3 spell levels left.
You didn't know any spells.
Your spell library contained the following spells:

 Spells                   Type           Power      Damage    Failure   Level
 Corpse Rot               Necr/Air       0%         N/A       47%         2
 Poisonous Vapours        Pois/Air       0%         N/A       47%         2


Dungeon Overview and Level Annotations

Branches:
Dungeon (4/15)
 Temple: D:4-7

Altars:
Wu Jian

Shops:
D:1 (

Annotations:
D:4 Sigmund


Message History

Something tries to affect you, but you resist.
Non-targeted confused shoot: a) +1 shortbow
Press: ? - help, Q - select action Dir - look around, f - activate You shoot an arrow.
Non-targeted confused shoot: a) +1 shortbow
Press: ? - help, Q - select action Dir - look around, f - activate You shoot an arrow.
Non-targeted confused shoot: a) +1 shortbow
Press: ? - help, Q - select action Dir - look around, f - activate You shoot an arrow.
Non-targeted confused shoot: a) +1 shortbow
Press: ? - help, Q - select action Dir - look around, f - activate You shoot an arrow.
You feel less confused. Something hits you.
Shoot: a) +1 shortbow
Press: ? - help, Q - select action Shift-Dir - straight line You shoot an arrow.
Shoot: a) +1 shortbow
Press: ? - help, Q - select action Shift-Dir - straight line You shoot an arrow.
Something hits you!
* * * LOW HITPOINT WARNING * * *
Shoot: a) +1 shortbow
Press: ? - help, Q - select action Shift-Dir - straight line You shoot an arrow.
Something barely misses you.
Shoot: a) +1 shortbow
Press: ? - help, Q - select action Shift-Dir - straight line You shoot an arrow.
Something hits you.
* * * LOW HITPOINT WARNING * * *
Shoot: a) +1 shortbow
Press: ? - help, Q - select action Shift-Dir - straight line You shoot an arrow.
Shoot: a) +1 shortbow
Press: ? - help, Q - select action Shift-Dir - straight line You shoot an arrow.
Something hits you.
You die...

......####
..{...)..# #.#
#.# #)# #.#
#{# #.# #@#
#.# #.# #.#
#.# #.# #.#
#.#
#.############


There were no monsters in sight!

Vanquished Creatures
  Jessica (D:3)
  An orc wizard (D:4)
  2 adders (D:2)
  A worm (D:3)
  A dart slug (D:1)
  3 orcs
  8 bats
  7 endoplasms
  A giant cockroach (D:1)
  8 goblins
  3 hobgoblins
  6 jackals
  3 kobolds
  2 quokkas
  2 ball pythons
  2 frilled lizards (D:3)
  3 rats
54 creatures vanquished.

Notes
Turn   | Place    | Note
-------+----------+-------------------------------------------
     0 | D:1      | jejorda2 the Deep Elf Hunter began the quest for the Orb.
     0 | D:1      | Reached XP level 1. HP: 12/12 MP: 3/3
   100 | D:1      | Reached XP level 2. HP: 13/16 MP: 4/4
   151 | D:1      | Found Obodaeff's Weapon Shop.
   219 | D:1      | Noticed a golden eye
   224 | D:1      | Found a faded altar of an unknown god.
   230 | D:1      | Reached skill level 6 in Bows
   233 | D:1      | Noticed a floating eye
   233 | D:1      | Noticed an eye of devastation
   233 | D:1      | Noticed a floating eye
   598 | D:2      | Reached XP level 3. HP: 20/20 MP: 5/5
  1384 | D:3      | Found an ornate altar of the Wu Jian Council.
  1422 | D:3      | Noticed Jessica
  1426 | D:3      | Killed Jessica
  1427 | D:3      | Reached skill level 7 in Bows
  1427 | D:3      | Reached XP level 4. HP: 25/25 MP: 6/6
  2106 | D:4      | Noticed Sigmund
  2125 | D:4      | Slain by Sigmund

Illustrated notes

Levels and vault maps discovered:
D:1:      doesnt_arrival_eight_statues, layout_basic, serial_shops,
          nicolae_shop_bloodbath_and_beyond,
          hellmonk_ecumenical_altar_watching_god
D:2:      layout_basic
D:3:      layout_rooms, mainiacjoe_overflow_24_doors, uniq_jessica
D:4:      cheibrodos_barr_body, layout_basic,
          mainiacjoe_overflow_six_doors_small, fiery_altar_vehumet,
          mainiacjoe_overflow_large_starburst, minmay_mini_ossuary, uniq_sigmund

Skill      XL: |  1  2  3 |
---------------+----------+-----
Stealth        | 2 3 |  3.6
Bows           | 6 7 |  7.5
Fighting       | |  1.5
Dodging        | |  2.4

Action                   |  1- 3 |  4- 6 || total
-------------------------+-------+-------++-------
 Fire: Shortbow          |    89 |    74 ||   163
Armor: Leather armour    |    12 |     5 ||    17
Dodge: Dodged            |    22 |    14 ||    36

Table legend: (Time is in decaauts)
 A = Elapsed time spent in this place.
 B = Non-inter-level travel time spent in this place.
 C = Inter-level travel time spent in this place.
 D = Time resting spent in this place.
 E = Time spent auto-exploring this place.
 F = Levels seen in this place.
 G = Mean time per level.
                   A        B        C        D        E       F      G
               +--------+--------+--------+--------+--------+-----+--------+
         Total |   2159 |   2054 |    105 |     87 |   1612 |   4 |  539.8 |
       Dungeon |   2159 |   2054 |    105 |     87 |   1612 |   4 |  539.8 |
               +--------+--------+--------+--------+--------+-----+--------+

Top non-repeatable levels by time:
     D:2: 838 daAuts
     D:3: 575 daAuts
     D:1: 510 daAuts
     D:4: 235 daAuts
